 Dungeon Crawl Stone Soup version 0.29-a0-565-g7a16c6de65 (webtiles) character file.

Game seed: 5785388109802431803

261 Lekart the Chopper (level 5, -8/47 HPs)
             Began as a Draconian Chaos Knight on June 12, 2022.
             Was a Plaything of Xom.
             Mangled by a mummy (27 damage)
             ... in an ossuary.
             The game lasted 00:04:00 (3324 turns).

Lekart the Chopper (Draconian Chaos Knight)         Turns: 3324, Time: 00:04:01

Health: -8/47      AC:  6    Str: 14    XL:     5   Next: 96%
Magic:  14/14      EV: 13    Int: 13    God:    Xom [*.....]
Gold:   144        SH:  0    Dex: 12    Spells: 4/4 levels left

rFire   . . .      SeeInvis .   a - +0 hand axe (chaos)
rCold   . . .      Faith    .   m - orb {mayhem}
rNeg    . . .      Spirit   .   (body armour unavailable)
rPois   .          Reflect  .   (helmet restricted)
rElec   .          Harm     .   g - +0 cloak
rCorr   +          Rampage  .   (no gloves)
Will    .....                   (no boots)
Stlth   +.........              (no amulet)
HPRegen 0.15/turn               f - ring of magical power
MPRegen 0.14/turn               e - ring of resist corrosion

@: no status effects
A: AC +5, unfitting armour, cold-blooded
a: Renounce Religion


You were in an ossuary.
You worshipped Xom.
You were a special plaything of Xom.
You visited 1 branch of the dungeon, and saw 4 of its levels.
You also visited: Ossuary.

You collected 144 gold pieces.

Inventory:

Hand Weapons
 a - a +0 hand axe of chaos (weapon)
Armour
 g - a +0 cloak (worn)
 m - an orb of mayhem (worn)
Jewellery
 e - a ring of resist corrosion (right hand)
 f - a ring of magical power (left hand)
Scrolls
 c - a scroll of enchant armour
 d - 2 scrolls of poison
 j - a scroll of amnesia
 l - a scroll of fear
 n - a scroll of identify
Potions
 h - a potion of might
 i - a potion of heal wounds {unknown}
 k - a potion of degeneration {unknown}
Miscellaneous
 b - a piece from Xom's chessboard (15/15) (quivered)


   Skills:
 + Level 4.4 Fighting
 + Level 5.0 Axes
 * Level 3.7 Dodging


You had 4 spell levels left.
You didn't know any spells.
Your spell library contained the following spells:

 Spells                   Type           Power      Damage    Failure   Level
 Apportation              Tloc           0%         N/A       30%         1
 Necrotize                Necr           0%         1d4       30%         1
 Summon Small Mammal      Summ           0%         N/A       30%         1


Dungeon Overview and Level Annotations

Branches:
Dungeon (4/15)            Ossuary (1/1)
 Temple: D:4-7

Altars:

Shops:
D:2 =

Annotations:
D:2 1 runed translucent door, Crazy Yiuf, Natasha


Innate Abilities, Weirdness & Mutations

Your plain brown scales are hard. (AC +5)
You cannot fit into any form of body armour.
You are cold-blooded and may be slowed by cold attacks.


Message History

The mummy hits the mummy!!
The gnoll zombie barely misses you.
Your Axes skill increases to level 5!
You hit the mummy.
You destroy the mummy!
You barely miss the gnoll zombie. The gnoll zombie barely misses you.
The mummy closely misses the orc zombie.
You hit the orc zombie.
You destroy the orc zombie!
You hit the gnoll zombie.
You destroy the gnoll zombie!
You hit the orc zombie. You burn the orc zombie.
The orc zombie hits you but does no damage.
You hit the orc zombie.
You destroy the orc zombie!
The mummy misses you.
You hit the mummy but do no damage. You tail-slap the mummy.
The mummy is lightly damaged.
You completely miss the mummy.
The mummy is lightly damaged.
The mummy hits you.
You hit the mummy.
The mummy suddenly seems more agile.
The mummy is moderately damaged.
The mummy hits you!
You hit the mummy.
Nothing appears to happen.
The mummy is heavily damaged.
The mummy barely misses you.
You barely miss the mummy.
You tail-slap the mummy, but do no damage.
The mummy is heavily damaged.
The mummy barely misses you.
You hit the mummy.
The mummy convulses.
The mummy is severely damaged.
The mummy hits you!
You are too injured to fight recklessly!
You are too injured to fight recklessly!
You hit the mummy. You tail-slap the mummy.
The mummy is almost destroyed.
The mummy hits you!!
Ouch! That really hurt!
You die...

...........
.........
........
......
#....#
#....#
#.M..#
#.@..#
#....#
#....#
#....#
#....#
#.∩∩.#
######


You could see a neutral mummy (fast, strong, agile, insane).

Vanquished Creatures
  A necrophage (D:4)
  Natasha (D:2)
  An orc wizard (D:4)
  A mummy (Ossuary)
  4 adders
  A worm (D:3)
  4 dart slugs
  6 orcs
  9 bats
  5 endoplasms
  5 giant cockroaches
  3 gnoll zombies (Ossuary)
  5 goblins
  5 hobgoblins
  4 jackals (D:4)
  2 quokkas
  9 ball pythons
  4 frilled lizards
  9 kobolds
  A kobold zombie (Ossuary)
  2 orc zombies (Ossuary)
  6 rats
88 creatures vanquished.

Vanquished Creatures (others)
  2 demonic plants (D:2)
2 creatures vanquished.

Grand Total: 90 creatures vanquished

Notes
Turn   | Place    | Note
-------+----------+-------------------------------------------
     0 | D:1      | Lekart the Draconian Chaos Knight began the quest for the
                  | Orb.
     0 | D:1      | Reached XP level 1. HP: 19/19 MP: 1/1
   236 | D:1      | Reached XP level 2. HP: 26/26 MP: 2/2
   308 | D:1      | XOM: silly message
   311 | D:1      | XOM: noise
   389 | D:1      | XOM: 3-stop teleportation journey
   491 | D:1      | XOM: swap monsters
   499 | D:1      | Reached XP level 3. HP: 33/33 MP: 3/3
   851 | D:2      | Found Wapraeps's Jewellery Shoppe.
  1264 | D:2      | Found a runed translucent door.
  1265 | D:2      | Noticed Crazy Yiuf
  1493 | D:2      | Noticed Natasha
  1497 | D:2      | XOM: enchant monster (bad)
  1500 | D:2      | Killed Natasha
  1501 | D:2      | Reached skill level 4 in Axes
  1501 | D:2      | Reached XP level 4. HP: 26/40 MP: 4/4
  1610 | D:2      | Noticed Natasha
  1894 | D:2      | Found a faded altar of an unknown god.
  1967 | D:2      | XOM: summons 2 hostile demons
  2602 | D:3      | Reached XP level 5. HP: 35/46 MP: 5/5
  3293 | D:4      | Found a sand-covered staircase.
  3300 | Ossuary  | Entered an ossuary
  3315 | Ossuary  | Reached skill level 5 in Axes
  3324 | Ossuary  | Mangled by a mummy

Illustrated notes

Levels and vault maps discovered:
D:1:      nicolae_arrival_memento_mori, layout_loops_ring, grunt_decor_fettered,
          st_stairs_3
D:2:      layout_loops_ring, dreamdust_ecumenical_altar_sealed_demon,
          serial_shops, nicolae_shop_trees, uniq_natasha,
          uniq_crazy_yiuf_cottage
D:3:      layout_loops_ring
D:4:      layout_loops_corners, enter_ossuary_4, kennysheep_decorative_pillar,
          hangedman_decor_diamond_cutter
Ossuary:  ossuary_tomb_3

Skill      XL: |  1  2  3  4  5 |
---------------+----------------+-----
Fighting       | 4 |  4.4
Axes           | 4 5 |  5.0
Dodging        | 3 |  3.7

Action                   |  1- 3 |  4- 6 || total
-------------------------+-------+-------++-------
Melee: Hand axe          |   126 |   150 ||   276
       Tailslap          |    14 |     8 ||    22
       Punch             |     1 |     1 ||     2
  Use: Scroll            |     4 |     2 ||     6
       Potion            |       |     1 ||     1
 Stab: Paralysed         |     2 |     1 ||     3
       Sleeping          |     2 |     2 ||     4
Armor: Skin              |    68 |    61 ||   129
Dodge: Dodged            |    68 |    97 ||   165

Table legend: (Time is in decaauts)
 A = Elapsed time spent in this place.
 B = Non-inter-level travel time spent in this place.
 C = Inter-level travel time spent in this place.
 D = Time resting spent in this place.
 E = Time spent auto-exploring this place.
 F = Levels seen in this place.
 G = Mean time per level.
                   A        B        C        D        E       F      G
               +--------+--------+--------+--------+--------+-----+--------+
         Total |   3359 |   3318 |     41 |    151 |   2450 |   5 |  671.8 |
       Dungeon |   3334 |   3293 |     41 |    151 |   2449 |   4 |  833.5 |
       Ossuary |     24 |     24 |      0 |      0 |      1 |   1 |   24.0 |
               +--------+--------+--------+--------+--------+-----+--------+

Top non-repeatable levels by time:
     D:2: 1178 daAuts
     D:3: 948 daAuts
     D:1: 822 daAuts
     D:4: 385 daAuts
 Ossuary: 24 daAuts
